 Dungeon Crawl Stone Soup version 0.30-a0-1016-gfb0d676c02 (webtiles) character file.

Game seed: 15833002017915361215

123 ytrimaz the Magician (level 4, 0/34 HPs)
             Began as a Demigod Transmuter on Apr 6, 2023.
             Slain by a sleepcap (13 damage)
             ... on level 4 of the Dungeon.
             The game lasted 00:03:36 (3195 turns).

ytrimaz the Magician (Demigod Transmuter)           Turns: 3195, Time: 00:03:37

Health: 0/34       AC:  2    Str: 11    XL:     4   Next: 52%
Magic:  9/12       EV:  5    Int: 19    God:
Gold:   76         SH:  0    Dex: 19    Spells: 4/10 levels left

rFire   . . .      SeeInvis .      - Unarmed
rCold   . . .      Faith    .    (shield currently unavailable)
rNeg    . . .      Spirit   .    a - melded +1 robe
rPois   x          Reflect  .    (helmet currently unavailable)
rElec   .          Rampage  .    (cloak currently unavailable)
rCorr   .                        (gloves currently unavailable)
Will    .....                    (boots currently unavailable)
Stlth   ++                       (no amulet)
HPRegen 0.25/turn                (no ring)
MPRegen 0.13/turn                (no ring)

@: spider-form, sleeping
A: venomous fangs, tiny, high MP 1, forlorn, divine attributes
a: End Transformation


You were on level 4 of the Dungeon.
You were a venomous arachnid creature.
You visited 1 branch of the dungeon, and saw 4 of its levels.

You collected 241 gold pieces.
You spent 165 gold pieces at shops.


Innate Abilities, Weirdness & Mutations

You are a venomous arachnid creature.
You have venomous fangs.
You are tiny and dextrous.
Your spellcasting is less reliable in this form.
Your armour is entirely melded.
You are incapable of wielding weapons or throwing items.
You have an increased reservoir of magic. (+10% MP)
You shall have no god before yourself.
Your divine heritage dramatically boosts your attributes as you level up.


   Skills:
 - Level 0.8 Fighting
 - Level 1.7 Dodging
 - Level 2.6 Unarmed Combat
 * Level 3.5 Spellcasting
 + Level 3.1 Transmutations


You had 4 spell levels left.
You knew the following spells:

 Your Spells              Type           Power      Damage    Failure   Level
a - Beastly Appendage     Tmut           30%        N/A       13%         1
b - Wereblood             Tmut           15%        N/A       17%         2
c - Spider Form           Tmut/Pois      9%         N/A       43%         3

Your spell library contained the following spells:

 Spells                   Type           Power      Damage    Failure   Level
 Passwall                 Tmut/Erth      7%         N/A       28%         2
 Ensorcelled Hibernation  Hex/Ice        6%         N/A       43%         2
 Lesser Beckoning         Tloc           6%         N/A       43%         2
 Gell's Gravitas          Tloc           3%         N/A       63%         3
 Swiftness                Air            3%         N/A       63%         3
 Teleport Other           Tloc           3%         N/A       63%         3
 Ice Form                 Ice/Tmut       9%         N/A       78%         4

Inventory:

Armour
 a - a +1 robe (melded)
Wands
 o - a wand of roots (12)
   (You found it on level 3 of the Dungeon)
Scrolls
 c - 2 scrolls of blinking
 e - a scroll of amnesia {unknown}
 g - a scroll of magic mapping
 i - a scroll of fear
 l - a scroll of teleportation
 m - a scroll of poison
 n - a scroll of fog
Potions
 b - a potion of lignification
 d - a potion of resistance
 h - a potion of heal wounds {unknown}
 j - 3 potions of ambrosia
 k - 4 potions of curing

Dungeon Overview and Level Annotations

Branches:
Dungeon (4/15) Zot: 20812
 Temple: D:4-7

Shops:
D:2

? #.. ### ### +##+
+##+.. ### #..# #..###
.... #..#+###+#..#..
..... ###..#.....#..##.
......##.'..+.._..+..'..
......fs.#..#.....#..#..
.......###..#+###'#..#..
.#.....###..#.....#..#..
#...>.#.+##'##+##†##'..
.......#.#.....#.....#..
#......#.#.....#.....#..
#....#.#.###+##'##+####.
####...............#....
#...............####.


You could see a sleepcap (extremely poisoned).


Message History

No target in view!
Unknown command.
Found a stone staircase leading down. 😎 MP[+1]
Your mp is fully restored (12).
You now have 76 gold pieces (gained 12).
Your transformation is almost over.
You open the door.
Your horns disappear.
Your talons disappear.
There is an open door here.
As you open the door, it creaks loudly!
A giant cockroach comes into view.
A giant cockroach is nearby!
A giant cockroach is nearby!
A giant cockroach is nearby!
Unknown command.
You grow a pair of large bovine horns.
Your feet morph into talons.
The giant cockroach closely misses you.
You barely miss the giant cockroach.
You claw the giant cockroach, but do no damage.
Your headbutt misses the giant cockroach.
The giant cockroach closely misses you. 😎 MP[-1]
You lost 1 mp, and now have 11/12 mp.
You hit the giant cockroach but do no damage.
Your kick misses the giant cockroach.
Your headbutt misses the giant cockroach.
The giant cockroach barely misses you.
You hit the giant cockroach. You headbutt the giant cockroach.
You kill the giant cockroach!
There is an open door here.
You see here a giant cockroach corpse.
No target in view!
Unknown command.
You open the door.
Found a glowing silver altar of Zin. 😎 MP[+1]
Your mp is fully restored (12).
There is an open door here.
You open the door.
There is an open door here.
As you open the door, it creaks loudly!
There is an open door here.
A sleepcap comes into view.
Your transformation is almost over.
A sleepcap is nearby!
A sleepcap is nearby!
You miscast Beastly Appendage.
You are very lightly contaminated with residual magic.
Nothing appears to happen. 😎 MP[-1]
You lost 1 mp, and now have 11/12 mp.
You hit the sleepcap but do no damage. You claw the sleepcap.
You headbutt the sleepcap.
Casting: Beastly Appendage (safe; 4% risk of failure)
Confirm with . or Enter, or press ? or * to list all spells.
The spell is quite dangerous to miscast (22% risk of failure)!
Continue anyway?
Your horns disappear.
Your talons disappear.
You turn into a venomous arachnid creature.
Your +1 robe melds into your body.
The sleepcap completely misses you. 😎 MP[-3]
You lost 3 mp, and now have 8/12 mp.
Unknown command.
You hit the sleepcap but do no damage. The sleepcap barely misses you.
You hit the sleepcap.
The sleepcap is poisoned.
The sleepcap closely misses you.
Unknown command.
You hit the sleepcap. The sleepcap releases spores at you!
You are engulfed in a cloud of soporific spores!
You fall asleep.
The sleepcap releases spores at you.
You wake up.
Your magical contamination has completely faded away. 😮 HP[-10]
You take 10 damage, and now have 24/34 hp.
MASSIVE DAMAGE!! (PAUSE)
You hit the sleepcap but do no damage. The sleepcap misses you. 😮 MP[+1]
You are too injured to fight recklessly!
You hit the sleepcap. The sleepcap misses you.
You hit the sleepcap but do no damage.
The sleepcap looks even sicker.
The sleepcap barely misses you. 😮 HP[+1] Unknown command.
You are too injured to fight recklessly!
You hit the sleepcap but do no damage. The sleepcap barely misses you.
You are too injured to fight recklessly!
Unknown command.
You hit the sleepcap but do no damage. The sleepcap misses you.
You hit the sleepcap but do no damage.
The sleepcap looks as sick as possible!
The sleepcap releases spores at you! 😮 HP[-7]
You take 7 damage, and now have 18/34 hp.
MASSIVE DAMAGE!! (PAUSE)
You are too injured to fight recklessly!
You hit the sleepcap. The sleepcap releases spores at you.
* * * LOW HITPOINT WARNING * * *
You are engulfed in a cloud of soporific spores!
You fall asleep.
The sleepcap releases spores at you!
You die...

Skill      XL: |  1  2  3 |
---------------+----------+-----
Transmutations | 2 3 |  3.1
Spellcasting   | 2 3 |  3.5
Fighting       | |  0.8
Dodging        | |  1.7
Unarmed Combat | |  2.6

Action                     |  1- 3 |  4- 6 || total
---------------------------+-------+-------++-------
  Melee: Unarmed           |   108 |    63 ||   171
         Headbutt          |    17 |     7 ||    24
         Kick              |    18 |    12 ||    30
         Punch             |     3 |     1 ||     4
   Cast: Beastly Appendage |    27 |     9 ||    36
         Wereblood         |     1 |       ||     1
         Spider Form       |       |     3 ||     3
    Use: Scroll            |     1 |     9 ||    10
   Stab: Sleeping          |     1 |       ||     1
 Armour: Robe              |    20 |     8 ||    28
         Skin              |       |     1 ||     1
  Dodge: Dodged            |    75 |    38 ||   113

Levels and vault maps discovered:
D:1:      lemuel_arrival_room, layout_basic, minmay_heptomino_w4
D:2:      layout_basic, basic_altar, serial_shops, shop
D:3:      layout_loops_ring
D:4:      layout_basic, mainiacjoe_overflow_24_doors, kennysheep_generic_room_10

Notes
Turn   | Place    | Note
-------+----------+-------------------------------------------
     0 | D:1      | ytrimaz the Demigod Transmuter began the quest for the Orb.
     0 | D:1      | Reached XP level 1. HP: 15/15 MP: 5/5
     0 | D:1      | magus.rc [v1.9.6]
   112 | D:1      | Reached skill level 2 in Transmutations
   114 | D:1      | Reached skill level 2 in Spellcasting
   178 | D:1      | Reached XP level 2. HP: 22/22 MP: 5/7
   578 | D:1      | Learned a level 2 spell: Wereblood
   874 | D:2      | You pick up a book of Displacement and begin reading...
   874 | D:2      | You add the spells Lesser Beckoning, Gell's Gravitas and
                  | Teleport Other to your library.
  1022 | D:2      | Found Vuygipn's Magic Scroll Emporium.
  1033 | D:2      | Reached XP level 3. HP: 18/27 MP: 9/9
  1040 | D:2      | Bought a scroll of teleportation for 30 gold pieces
  1350 | D:2      | Reached skill level 3 in Spellcasting
  1414 | D:2      | Learned a level 3 spell: Spider Form
  2165 | D:3      | You pick up a book of Burglary and begin reading...
  2165 | D:3      | You add the spells Passwall, Ensorcelled Hibernation and
                  | Swiftness to your library.
  2281 | D:3      | Reached skill level 3 in Transmutations
  2281 | D:3      | Reached XP level 4. HP: 32/34 MP: 9/11
  2739 | D:2      | Bought a scroll of identify for 20 gold pieces
  2739 | D:2      | Bought a scroll of blinking for 75 gold pieces
  2739 | D:2      | Bought a scroll of identify for 20 gold pieces
  2739 | D:2      | Bought a scroll of identify for 20 gold pieces
  3195 | D:4      | Slain by a sleepcap

Vanquished Creatures
  An iguana (D:4)
  A gnoll (D:1)
  3 adders (D:2)
  An ufetubus (D:3)
  2 orcs (D:3)
  5 ball pythons
  3 bats
  5 endoplasms
  4 giant cockroaches
  5 hobgoblins
  2 quokkas (D:2)
  5 frilled lizards
  5 goblins
  5 kobolds
  4 rats
51 creatures vanquished.

Table legend:
 A = Non-vault XP
 B = Vault XP
 C = Vault XP percentage of total XP
 D = Non-vault monster count
 E = Vault monster count
 F = Vault count percentage of total count
                 A         B        C        D         E       F
            +---------+---------+-------+---------+---------+-------
      Total |     166 |      11 |   6.2 |      45 |       6 |  11.8
            +---------+---------+-------+---------+---------+-------
        D:1 |      30 |       9 |  23.1 |      10 |       5 |  33.3
        D:2 |      63 |       0 |   0.0 |      17 |       0 |   0.0
        D:3 |      28 |       0 |   0.0 |      12 |       0 |   0.0
        D:4 |      45 |       2 |   4.3 |       6 |       1 |  14.3
            +---------+---------+-------+---------+---------+-------

Illustrated notes

Table legend:
 A = Kills in this place as a percentage of kills in the entire game.
 B = Kills by you in this place as a percentage of kills by you in the entire game.
 C = Kills by friends in this place as a percentage of kills by friends in the entire game.
 D = Other kills in this place as a percentage of other kills in the entire game.
 E = Experience gained in this place as a percentage of experience gained in the entire game.
 F = Experience gained in this place divided by the number of levels of this place that you have seen.
                   A       B       C       D       E      F
               +-------+-------+-------+-------+-------+----------------------
         Total | 100.0 | 100.0 |   N/A |   N/A | 100.0 |  44.2
       Dungeon | 100.0 | 100.0 |   N/A |   N/A | 100.0 |  44.2
               +-------+-------+-------+-------+-------+----------------------

Table legend: (Time is in decaauts)
 A = Elapsed time spent in this place.
 B = Non-inter-level travel time spent in this place.
 C = Inter-level travel time spent in this place.
 D = Time resting spent in this place.
 E = Time spent auto-exploring this place.
 F = Levels seen in this place.
 G = Mean time per level.
                   A        B        C        D        E       F      G
               +--------+--------+--------+--------+--------+-----+--------+
         Total |   3186 |   3073 |    113 |     21 |   2583 |   4 |  796.5 |
       Dungeon |   3186 |   3073 |    113 |     21 |   2583 |   4 |  796.5 |
               +--------+--------+--------+--------+--------+-----+--------+

Top non-repeatable levels by time:
     D:2: 1162 daAuts
     D:1: 866 daAuts
     D:3: 738 daAuts
     D:4: 419 daAuts
